 Dungeon Crawl Stone Soup version 0.29-a0-11-ga75d3d97ab (webtiles) character file.

Game seed: 9054863123029385893

179 oldriver the Sneak (level 5, -1/36 HPs)
             Began as an Octopode Transmuter on Jan 29, 2022.
             Slain by a goblin (3 damage)
             ... led by Robin
             ... on level 3 of the Dungeon.
             The game lasted 00:03:37 (3293 turns).

oldriver the Sneak (Octopode Transmuter)            Turns: 3293, Time: 00:03:38

Health: -1/36      AC:  1    Str:  9    XL:     5   Next: 59%
Magic:  8/8        EV: 13    Int: 17    God:
Gold:   126        SH:  0    Dex: 13    Spells: 2/8 levels left

rFire   . . .      SeeInvis .     - Unarmed
rCold   . . .      Faith    .   (no shield)
rNeg    . . .      Spirit   .   (helmet restricted)
rPois   .          Reflect  .   (no amulet)
rElec   .          Harm     .   a - ring of flight
rCorr   .          Rampage  .   (no ring)
Will    .....                   (no ring)
Stlth   +++.......              (no ring)
HPRegen 0.12/turn               (no ring)
MPRegen 0.11/turn               (no ring)
                                (no ring)
                                (no ring)

@: flying
A: almost no armour, amphibious, 8 rings, camouflage 1, gelatinous body 1,
(nimble swimmer 1), tentacles
a: no special abilities


You were on level 3 of the Dungeon.
You visited 1 branch of the dungeon, and saw 4 of its levels.

You collected 126 gold pieces.

Inventory:

Jewellery
 a - a ring of flight (left tentacle)
Scrolls
 b - 2 scrolls of teleportation
 g - 2 scrolls of blinking {unknown}
 h - a scroll of fog {unknown}
Potions
 c - a potion of might
 e - a potion of attraction {unknown}
 f - a potion of magic


   Skills:
 + Level 3.1 Fighting
 - Level 2.0 Dodging
 + Level 4.0 Stealth
 - Level 3.0 Unarmed Combat
 - Level 2.0 Spellcasting
 + Level 3.6 Transmutations


You had 2 spell levels left.
You knew the following spells:

 Your Spells              Type           Power      Damage    Failure   Level
a - Beastly Appendage     Tmut           26%        N/A       4%          1
b - Wereblood             Tmut           13%        N/A       7%          2
c - Spider Form           Tmut/Pois      7%         N/A       28%         3

Your spell library contained the following spells:

 Spells                   Type           Power      Damage    Failure   Level
 Passwall                 Tmut/Erth      5%         N/A       14%         2
 Apportation              Tloc           2%         N/A       19%         1
 Ensorcelled Hibernation  Hex/Ice        2%         N/A       28%         2
 Sublimation of Blood     Necr           1%         N/A       28%         2
 Swiftness                Air            1%         N/A       50%         3
 Ice Form                 Ice/Tmut       7%         N/A       67%         4
 Petrify                  Tmut/Erth      7%         N/A       67%         4
 Alistair's Intoxication  Tmut/Pois      4%         N/A       95%         5
 Irradiate                Conj/Tmut      3%         3d14      95%         5
 Summon Hydra             Summ           0%         N/A       100%        7


Dungeon Overview and Level Annotations

Branches:
Dungeon (4/15)
 Temple: D:4-7

Altars:

Shops:
D:3 *

Annotations:
D:3 Robin
D:4 Blork the orc


Innate Abilities, Weirdness & Mutations

You cannot wear most types of armour.
You are amphibious.
You can wear up to eight rings at the same time.
Your skin changes colour to match your surroundings (Stealth+).
Your rubbery body absorbs attacks. (AC +1, EV +1)
((You are camouflaged when in or above water. (Stealth+)))
You have tentacles for arms and can constrict up to eight enemies at once.


Message History

Level annotation: Robin Blork the orc shouts!
The goblin shouts! x4; The orc shouts! x2
The goblin shouts!
The endoplasm quivers.
You hear an angry hiss.
You hear a shout! x3
An adder comes into view.
The endoplasm hits you. The goblin hits you with a +0 dagger.
Robin hits you with a +0 dagger.
An orc wizard comes into view. It is wielding a +0 dagger.
Blork the orc barely misses you. The endoplasm closely misses you.
The goblin shouts!
There is a stone staircase leading up here.
The goblin closely misses you. Robin throws the goblin at you!
The goblin barely misses you. The goblin hits you with a +0 club.
Blork the orc hits you from afar with a +0 halberd!
The goblin hits you with a +0 club. The endoplasm hits you.
You fly upwards.
There is a stone staircase leading down, spattered with blood here.
Unknown command.
The goblin closely misses you. The endoplasm hits you.
Robin roars a battlecry!
The goblins go into a battle-frenzy!
Robin throws the goblin at you! The goblin hits you but does no damage.
Robin throws the goblin at you! The goblin hits you with a +0 club.
The goblin hits you but does no damage. The endoplasm completely misses you.
You tentacle-slap the goblin. Your grab misses the goblin.
The goblin is moderately wounded.
The goblin completely misses you. The goblin closely misses you.
The goblin hits you with a +0 club.
* * * LOW HITPOINT WARNING * * *
The endoplasm freezes you.
You are frozen.
* * * LOW HITPOINT WARNING * * *
Robin throws the goblin at you!
* * * LOW HITPOINT WARNING * * *
The goblin barely misses you. The goblin closely misses you.
The goblin hits you with a +0 dagger.
* * * LOW HITPOINT WARNING * * *
The goblin hits you with a +0 club.
You die...

..############# #.........#
...#######....# #.........#
...#...).)....###.........#
...'....>.................#
...#......................#
...#......................#
...#.........g............#
####.........J.gg.........#
#########..gg@.........#
######...<.....#
###########


You could see Robin, an endoplasm and 4 goblins.

Vanquished Creatures
  A centaur (D:3)
  An orc wizard (D:3)
  2 adders (D:3)
  An ufetubus (D:2)
  2 dart slugs
  3 orcs (D:3)
  9 ball pythons
  2 endoplasms (D:2)
  4 giant cockroaches
  2 goblins (D:3)
  2 hobgoblins
  4 kobolds
  2 quokkas
  4 bats
  A frilled lizard (D:2)
  4 rats
  A spectral hobgoblin (D:3)
45 creatures vanquished.

Vanquished Creatures (others)
  2 plants (D:3)
2 creatures vanquished.

Grand Total: 47 creatures vanquished

Notes
Turn   | Place    | Note
-------+----------+-------------------------------------------
     0 | D:1      | oldriver the Octopode Transmuter began the quest for the
                  | Orb.
     0 | D:1      | Reached XP level 1. HP: 13/13 MP: 3/3
   223 | D:1      | Reached skill level 1 in Stealth
   406 | D:1      | Reached XP level 2. HP: 18/18 MP: 3/5
  1320 | D:2      | Reached XP level 3. HP: 24/24 MP: 4/6
  1342 | D:2      | Reached skill level 2 in Stealth
  1877 | D:2      | Learned a level 2 spell: Wereblood
  1881 | D:2      | Learned a level 3 spell: Spider Form
  1993 | D:3      | Noticed a centaur
  2007 | D:3      | Found a faded altar of an unknown god.
  2395 | D:3      | Reached XP level 4. HP: 29/29 MP: 3/7
  2436 | D:3      | Killed a centaur
  2437 | D:3      | Reached skill level 3 in Stealth
  2437 | D:3      | Reached XP level 5. HP: 26/36 MP: 4/8
  2599 | D:3      | Found Gudof's Assorted Antiques.
  2805 | D:4      | Noticed Robin
  2855 | D:4      | Noticed a black bear
  2902 | D:4      | Noticed an ogre
  2914 | D:3      | Reached skill level 4 in Stealth
  3282 | D:4      | Noticed Blork the orc
  3293 | D:3      | Slain by a goblin

Illustrated notes

Levels and vault maps discovered:
D:1:      co_arrival_two_rings, layout_basic, minmay_worlds_worst_comb
D:2:      layout_rooms, minmay_tetromino_o4
D:3:      layout_basic, serial_shops, nicolae_shop_trees,
          dreamdust_ecumenical_altar_drowned_temple, minmay_shallow_snake_nest
D:4:      layout_rooms, uniq_blork_the_orc, uniq_robin

Skill      XL: |  1  2  3  4  5 |
---------------+----------------+-----
Stealth        | 1 2 3 4 |  4.0
Fighting       | 2 3 |  3.1
Transmutations | 3 |  3.6
Dodging        | |  2.0
Unarmed Combat | |  3.0
Spellcasting   | |  2.0

Action                   |  1- 3 |  4- 6 || total
-------------------------+-------+-------++-------
Melee: Unarmed           |    70 |    30 ||   100
       Kick              |    23 |     4 ||    27
       Constrict         |    17 |     7 ||    24
       Tentacles         |     9 |     5 ||    14
       Punch             |     1 |     2 ||     3
 Cast: Beastly Appendage |    31 |     7 ||    38
       Wereblood         |     4 |     2 ||     6
       Spider Form       |       |     1 ||     1
  Use: Scroll            |     2 |     1 ||     3
 Stab: Sleeping          |     7 |       ||     7
Armor: Skin              |     1 |     5 ||     6
Dodge: Dodged            |    45 |    38 ||    83

Table legend: (Time is in decaauts)
 A = Elapsed time spent in this place.
 B = Non-inter-level travel time spent in this place.
 C = Inter-level travel time spent in this place.
 D = Time resting spent in this place.
 E = Time spent auto-exploring this place.
 F = Levels seen in this place.
 G = Mean time per level.
                   A        B        C        D        E       F      G
               +--------+--------+--------+--------+--------+-----+--------+
         Total |   3290 |   3064 |    226 |    801 |   1848 |   4 |  822.5 |
       Dungeon |   3290 |   3064 |    226 |    801 |   1848 |   4 |  822.5 |
               +--------+--------+--------+--------+--------+-----+--------+

Top non-repeatable levels by time:
     D:3: 1277 daAuts
     D:1: 1061 daAuts
     D:2: 936 daAuts
     D:4: 14 daAuts
